 Dungeon Crawl Stone Soup version 0.24.0-123-gd5b16e6ec5 (webtiles) character file.

Game seed: 7054206024478279602, levelgen mode: deterministic

8939 leesom the Gouger (level 11, 0/48 HPs)
             Began as a Felid Transmuter on Feb 3, 2020.
             Was an Elder of Makhleb.
             Killed by divine providence
             ... invoked by a meliai
              (9 damage)
             ... on level 13 of the Dungeon.
             The game lasted 01:04:40 (19972 turns).

leesom the Gouger (Felid Transmuter)               Turns: 19972, Time: 01:04:41

Health: 0/48       AC:  2    Str:  6    XL:     11   Next: 16%
Magic:  19/19      EV: 28    Int: 14    God:    Makhleb [****..]
Gold:   1086       SH:  0    Dex: 21    Spells: 0/20 levels left
                                        Lives:  0   Deaths: 3

rFire    . . .     SeeInvis +     - Unarmed
rCold    + . .     Gourm    +   (shield unavailable)
rNeg     . . .     Faith    .   (armour unavailable)
rPois    +         Spirit   .   (helmet unavailable)
rElec    .         Reflect  .   (cloak unavailable)
rCorr    .         Harm     .   (gloves unavailable)
MR       +....     NoTele   +   (boots unavailable)
Stlth    +++.......             x - amulet of Greed {Gourm -Tele rC+ Slay+2}
HPRegen  0.16/turn              l - ring of poison resistance
MPRegen  0.16/turn              m - ring of wizardry

@: quick
A: very small, no armour, no weapons or thrown items, stealth, claws 1, fangs 3,
see invisible, carnivore, speed 1, shaggy fur 2, slow metabolism 1, sharp paws
a: Minor Destruction, Lesser Servant of Makhleb, Major Destruction, Renounce
Religion


You were on level 13 of the Dungeon.
You worshipped Makhleb.
Makhleb was greatly pleased with you.
You were very full.

You visited 2 branches of the dungeon, and saw 14 of its levels.
You also visited: Ossuary.

You collected 1086 gold pieces.

Inventory:

Missiles
 a - 349 arrows
Jewellery
 f - an uncursed amulet of the acrobat
 l - a ring of poison resistance (left paw)
 m - a ring of wizardry (right paw)
 x - the amulet of Greed (around neck) {Gourm -Tele rC+ Slay+2}
   (You took it off an orc wizard on level 5 of the Dungeon)

   [amulet of the gourmand]

   It allows you to eat raw meat even when not hungry.
   It affects your accuracy and damage with ranged weapons and melee attacks
   (+2).
   It protects you from cold.
   It prevents most forms of teleportation.
Wands
 t - a wand of enslavement (4)
 u - a wand of digging (4)
 y - a wand of polymorph (14)
 B - a wand of acid (7)
 C - a wand of iceblast (6)
Scrolls
 g - 6 scrolls of amnesia
 i - 5 scrolls of fog
 k - 3 scrolls of magic mapping
 n - 2 scrolls of teleportation
 o - 3 scrolls of remove curse
 w - a scroll of blinking
 E - a scroll of summoning {unknown}
Potions
 b - 4 potions of flight
 d - 2 potions of curing
 j - a potion of lignification
 q - 4 potions of agility
 r - 5 potions of heal wounds
 v - 5 potions of brilliance
 z - a potion of might
Miscellaneous
 e - a lightning rod (4/4)
 h - a sack of spiders
Comestibles
 c - 24 rations


   Skills:
 * Level 6.0 Fighting
 * Level 10.2 Dodging
 - Level 3.0 Stealth
 + Level 12.7 Unarmed Combat
 - Level 5.0 Spellcasting
 - Level 4.0 Charms
 - Level 3.4 Necromancy
 - Level 6.1 Transmutations
 - Level 4.2 Ice Magic
 - Level 2.5 Poison Magic
 * Level 3.4 Invocations
 + Level 1.1 Evocations


You couldn't memorise any spells.
You knew the following spells:

 Your Spells              Type           Power        Failure   Level  Hunger
a - Beastly Appendage     Tmut           ###...       1%          1    None
b - Sticks to Snakes      Tmut           ###.....     1%          2    ##.....
c - Spider Form           Tmut/Pois      ###.......   3%          3    ###....
d - Ice Form              Ice/Tmut       ###.....     9%          4    ####...
e - Song of Slaying       Chrm           ##......     1%          2    ##.....
f - Regeneration          Chrm/Necr      ##........   4%          3    ###....
g - Blink                 Tloc           N/A          11%         2    ##.....
h - Conjure Flame         Conj/Fire      #.......     21%         3    ###....

Your spell library contained the following spells:

 Spells                   Type           Power        Failure   Level  Hunger
 Animate Skeleton         Necr           N/A          1%          1    None
 Infusion                 Chrm           ##..         1%          1    None
 Corpse Rot               Necr           N/A          2%          2    ##.....
 Sublimation of Blood     Necr           ##........   2%          2    ##.....
 Shroud of Golubria       Chrm/Tloc      #.....       4%          2    ##.....
 Apportation              Tloc           #.....       7%          1    None
 Confusing Touch          Hex            #.....       7%          1    None
 Magic Dart               Conj           #...         7%          1    None
 Summon Small Mammal      Summ           #...         7%          1    None
 Call Imp                 Summ           #.......     11%         2    ##.....
 Slow                     Hex            #.......     11%         2    ##.....
 Mephitic Cloud           Conj/Pois/Air  #.......     16%         3    ###....
 Animate Dead             Necr           N/A          16%         4    ####...
 Blade Hands              Tmut           ###.......   16%         5    ######.
 Recall                   Summ/Tloc      N/A          21%         3    ###....
 Agony                    Necr           ##......     41%         5    ######.
 Dispel Undead            Necr           ##......     41%         5    ######.
 Iskenderun's Battlesphe  Conj/Chrm      #.......     61%         5    ######.
 Bolt of Draining         Conj/Necr      #.........   65%         5    ######.
 Borgnjor's Vile Clutch   Necr/Erth      #.........   65%         5    ######.
 Venom Bolt               Conj/Pois      #.........   71%         5    ######.
 Bolt of Magma            Conj/Fire/Erth #.........   86%         5    ######.
 Simulacrum               Ice/Necr       ##........   89%         6    #######
 Death Channel            Necr           ##........   92%         6    #######
 Poison Arrow             Conj/Pois      #.........   99%         6    #######
 Iron Shot                Conj/Erth      #.........   100%        6    #######
 Orb of Destruction       Conj           #.........   100%        7    #######
 Spellforged Servitor     Conj/Summ      #.........   100%        7    #######
 Chain Lightning          Conj/Air       #.........   100%        8    #######
 Lehudib's Crystal Spear  Conj/Erth      #.........   100%        8    #######
 Fire Storm               Conj/Fire      #.........   100%        9    #######
 Glaciate                 Conj/Ice       #.........   100%        9    #######
 Spectral Weapon          Hex/Chrm       Unusable     N/A         3    N/A
 Excruciating Wounds      Chrm/Necr      Unusable     N/A         5    N/A

Dungeon Overview and Level Annotations

Branches:
Dungeon (13/15)            Temple (1/1) D:7            Lair (0/6) D:8
    Orc (0/2) D:9         Ossuary (visited)
 Vaults: D:13-14

Altars:
Ashenzari
Cheibriados
Dithmenos
Elyvilon
Fedhas
Gozag
Hepliaklqana
Kikubaaqudgha
Makhleb
Nemelex Xobeh
Okawaru
Qazlal
Ru
Sif Muna
Trog
Uskayaw
Vehumet
Wu Jian
Xom
Yredelemnul
Zin
The Shining One

Shops:
D:5 }   D:8 [

Annotations:
D:3 exclusion: downstairs
D:4 exclusion: downstairs
D:5 3 runed translucent doors, exclusion: downstairs, Grinder; VLARC's ghost, amateur VSFE
D:6 2 transporters, exclusion: downstairs, Dowan; Suckerboh's ghost, novice DsGl
D:8 exclusion: downstairs
D:12 exclusion: downstairs


Innate Abilities, Weirdness & Mutations

You cannot wear armour.
You are incapable of wielding weapons or throwing items.
Your paws allow you to move quietly. (Stealth)
You have sharp claws.
You have razor-sharp teeth.
You have supernaturally acute eyesight. (SInv)
You are carnivorous and can eat meat at any time.
You cover ground quickly.
You are covered in thick fur. (AC +2)
You have a slow metabolism.
Your sharp claws are effective at attacking unaware monsters.


Message History

Found a trident.
A kobold and a big kobold come into view.
A kobold and a meliai come into view.
An iguana, a kobold and a zombie come into view.
The kobold shouts!
The iguana hisses angrily.
The meliai buzzes angrily.
The kobold shouts! x3; You hear a shout!
You hear an angry buzzing noise.
You hear a shout!
You hear a bellow!
Your magical contamination has completely faded away. 2 meliai come into view.
You hear a shout!
You hear a horrible gurgling sound!
The meliai calls down the wrath of its god upon you.
Something smites you! The kobold completely misses you.
The meliai invokes the aid of its god against you.
Something smites you!
The meliai calls down the wrath of its god upon you.
Something smites you!
* * * LOW HITPOINT WARNING * * *
The meliai invokes the aid of its god against you.
Something smites you!
You die...

#..##..#####..#**,,,,,,,,,,*
#.............###,,,,,,*,*,*
##.##..####.....,,,,,*,*,*,***
*,#.<.# #...#****,,,,,,,,,,*
#.#.#.####...# *,,**,,*,*,*
****#............# **,,**,,*,*,*
,,...)....####.#.####y..,,,,,,>,,
**#####.######.....KK..y.,,,,,,,,
******#.* #.....@####K...,,,*,,,,
,,,,,,..* #.####.K.Zly...,,,*,,**
*****###**#,** ######K...,,,*,,*
***,,,***,,,,,,,,.,,,*,,*
*,,,,,,,,,,,,,,,,,,,,*,,*
***,,,,,,,*,,,,,,,******,,*
*,,,,,,,,,,,,,,,,,* *,,*
*,≈≈≈≈≈≈≈≈≈,,,,,,,******,,*
*,≈*******≈,,,,,,,,,,,**,,*


You could see 3 meliai, an iguana, a centaur warrior zombie and 4 kobolds.

Vanquished Creatures
  3 two-headed ogres (D:9)
  A death yak (D:7)
  2 deep elf magi
  2 ugly things
  3 cyclopes
  A manticore (D:11)
  2 centaur skeletons (D:10)
  A gargoyle (D:11)
  4 trolls
  A hornet (D:9)
  3 hippogriffs
  A shadow (D:11)
  A wraith (D:11)
  6 yaks
  A hungry ghost (D:10)
  A water moccasin (D:12)
  Duvessa (D:6)
  2 ice beasts
  4 orc warriors
  2 black bears
  3 sky beasts
  2 ogres
  2 phantoms (D:8)
  8 centaurs
  6 crocodiles
  5 bullfrogs
  3 big kobolds
  2 wyvern zombies
  3 scorpions
  4 killer bees (D:10)
  4 wights
  8 howler monkeys
  2 bullfrog zombies
  2 crimson imps
  A quasit (D:12)
  2 centaur zombies
  4 hounds
  3 jellies
  8 orc priests
  12 orc wizards
  A bullfrog skeleton (D:9)
  7 iguanas
  5 worker ants
  A big kobold zombie (Ossuary)
  2 hound zombies
  A hound skeleton (D:10)
  9 mummies
  A howler monkey zombie (D:11)
  10 gnolls
  8 adders
  2 shadow imps
  An adder zombie (D:6)
  4 worms
  A dart slug (D:1)
  7 leopard geckos
  46 orcs
  6 bats
  7 giant cockroaches
  2 gnoll zombies (Ossuary)
  7 goblins
  2 hobgoblins (D:1)
  10 jackals
  14 kobolds
  7 quokkas
  A ball python skeleton (D:5)
  5 frilled lizards
  A goblin zombie (D:8)
  2 hobgoblin zombies
  A kobold zombie (Ossuary)
  3 orc zombies (Ossuary)
  A quokka skeleton (D:4)
  5 rats
306 creatures vanquished.

Vanquished Creatures (collateral kills)
  An orc priest (D:4)
  2 orc wizards
3 creatures vanquished.

Vanquished Creatures (others)
  6 plants (D:6)
6 creatures vanquished.

Grand Total: 315 creatures vanquished

Notes
Turn   | Place    | Note
-------+----------+-------------------------------------------
     0 | D:1      | leesom the Felid Transmuter began the quest for the Orb.
     0 | D:1      | Reached XP level 1. HP: 9/9 MP: 4/4
   203 | D:1      | Reached XP level 2. HP: 12/12 MP: 4/6
   465 | D:1      | Learned a level 2 spell: Sticks to Snakes
  1246 | D:2      | Reached XP level 3. HP: 15/15 MP: 5/7
  1951 | D:1      | Reached XP level 4. HP: 15/19 MP: 6/9
  2710 | D:2      | Learned a level 3 spell: Spider Form
  2747 | D:2      | Slain by a gnoll
  2748 | D:2      | Reached XP level 3. HP: -2/15 MP: 8/8
  3090 | D:3      | Reached skill level 1 in Stealth
  3100 | D:3      | Reached skill level 4 in Unarmed Combat
  3643 | D:4      | Reached XP level 4. HP: 19/19 MP: 9/9
  4090 | D:4      | Reached skill level 1 in Poison Magic
  4090 | D:4      | Reached XP level 5. HP: 20/22 MP: 6/10
  5506 | D:5      | Entered Level 5 of the Dungeon
  5518 | D:5      | Gained mutation: You are covered in thick fur. (AC +2)
                  | [Felid growth]
  5518 | D:5      | Reached XP level 6. HP: 16/25 MP: 10/12
  5856 | D:5      | Noticed Grinder
  6079 | D:5      | Found Vunorici's Gadget Shop.
  6484 | D:5      | Found a hide-covered altar of Uskayaw.
  6485 | D:5      | Found an ornate altar of the Wu Jian Council.
  6486 | D:5      | Found a white marble altar of Elyvilon.
  6572 | D:5      | Found an iron altar of Okawaru.
  6573 | D:5      | Found an ancient bone altar of Kikubaaqudgha.
  6626 | D:5      | Noticed a troll
  6844 | D:5      | Identified the amulet of Greed {Gourm -Tele rC+ Slay+2}
  7111 | D:4      | Learned a level 4 spell: Ice Form
  7290 | D:5      | Found a runed translucent gate.
  7291 | D:5      | Found a runed translucent gate.
  7291 | D:5      | Found a runed translucent gate.
  7292 | D:5      | Found an opulent altar of Gozag.
  7293 | D:5      | Noticed VLARC's ghost (amateur VSFE)
  7295 | D:5      | Noticed a cyclops
  7316 | D:5      | Reached XP level 7. HP: 27/28 MP: 9/13
  7487 | D:5      | Reached skill level 5 in Unarmed Combat
  8252 | D:6      | Reached skill level 1 in Ice Magic
  8498 | D:6      | Learned a level 2 spell: Song of Slaying
  8538 | D:6      | Noticed Duvessa
  8538 | D:6      | Noticed Dowan
  8937 | D:6      | Found a transporter.
  8937 | D:6      | Found a transporter.
  9024 | D:6      | Noticed Suckerboh's ghost (novice DsGl)
  9174 | D:6      | Killed Duvessa
  9174 | D:6      | Reached skill level 6 in Unarmed Combat
  9174 | D:6      | Reached XP level 8. HP: 8/32 MP: 15/15
  9576 | D:6      | Found a sparkling altar of Nemelex Xobeh.
  9631 | D:6      | Reached skill level 5 in Dodging
 10283 | D:7      | Reached skill level 5 in Transmutations
 10325 | D:7      | Found a staircase to the Ecumenical Temple.
 10561 | Temple   | Entered the Ecumenical Temple
 10810 | Temple   | Became a worshipper of Makhleb the Destroyer
 10951 | D:7      | Reached skill level 7 in Unarmed Combat
 11349 | D:8      | Found Zuledu's Armour Shop.
 11352 | D:8      | Found a shattered altar of Ashenzari.
 11463 | D:8      | Found a sand-covered staircase.
 11476 | Ossuary  | Entered an ossuary
 11960 | D:8      | Reached skill level 8 in Unarmed Combat
 11960 | D:8      | Reached XP level 9. HP: 36/36 MP: 12/16
 11979 | D:8      | You fall into a shaft and drop 1 floor!
 12000 | D:9      | Noticed a two-headed ogre
 12038 | D:9      | Found a sacrificial altar of Ru.
 12181 | D:8      | Killed from afar by an orc wizard
 12182 | D:8      | Reached XP level 8. HP: -2/33 MP: 15/15
 12193 | D:8      | Found a sacrificial altar of Ru.
 12338 | D:8      | Noticed a deep elf mage
 12494 | D:8      | Killed a deep elf mage
 12494 | D:8      | Reached * piety under Makhleb
 12494 | D:8      | Reached skill level 9 in Unarmed Combat
 12520 | D:8      | Found the +8 orange crystal plate armour {Archmagi, Int+3
                  | Clar}
 12623 | D:8      | Found a staircase to the Lair.
 12623 | D:8      | Noticed a hippogriff
 12623 | D:8      | Noticed a death yak
 12865 | D:8      | Reached XP level 9. HP: 24/37 MP: 14/16
 12998 | D:8      | Found a shadowy altar of Dithmenos.
 13378 | D:7      | Killed a death yak
 13513 | D:8      | Noticed a troll
 13518 | D:8      | Killed a troll
 13518 | D:8      | Reached skill level 10 in Unarmed Combat
 13527 | D:8      | Learned a level 3 spell: Regeneration
 13738 | D:9      | Noticed a two-headed ogre
 13976 | D:9      | Identified the cursed +1 rapier of Umoa {pierce, rElec}
 13987 | D:9      | Reached skill level 1 in Charms
 14118 | D:9      | Reached skill level 1 in Necromancy
 14637 | D:9      | Found a staircase to the Orcish Mines.
 14839 | D:9      | Reached ** piety under Makhleb
 14839 | D:9      | Reached XP level 10. HP: 42/42 MP: 14/17
 15045 | D:9      | Killed a two-headed ogre
 15096 | D:9      | Noticed a two-headed ogre
 15106 | D:9      | Killed a two-headed ogre
 15452 | D:9      | Killed a two-headed ogre
 15452 | D:9      | Reached skill level 11 in Unarmed Combat
 15547 | D:10     | Entered Level 10 of the Dungeon
 15609 | D:10     | Reached skill level 1 in Evocations
 15739 | D:10     | Noticed a cyan ugly thing
 15768 | D:10     | Killed a cyan ugly thing
 15785 | D:10     | Noticed a cyclops
 16281 | D:10     | Reached *** piety under Makhleb
 16281 | D:10     | Reached skill level 5 in Spellcasting
 16281 | D:10     | Reached XP level 11. HP: 38/46 MP: 16/19
 16441 | D:10     | Reached skill level 5 in Fighting
 16441 | D:10     | Reached skill level 1 in Invocations
 17646 | D:11     | HP: 1/57 [wraith (12)]
 17662 | D:11     | HP: 2/57 [orc warrior/boomerang (13)]
 17674 | D:11     | Hit by a boomerang thrown by an orc warrior
 17675 | D:11     | Reached XP level 10. HP: -4/44 MP: 17/18
 17833 | D:11     | Reached skill level 12 in Unarmed Combat
 18012 | D:11     | Noticed a gargoyle
 18022 | D:11     | Killed a gargoyle
 18127 | D:11     | Found a white marble altar of Elyvilon.
 18150 | D:11     | Noticed a cyan ugly thing
 18150 | D:11     | Noticed a manticore
 18159 | D:11     | HP: 2/44 [cyan ugly thing (15)]
 18162 | D:11     | Killed a cyan ugly thing
 18361 | D:11     | Reached **** piety under Makhleb
 18754 | D:11     | Killed a manticore
 19244 | D:12     | Noticed a cyclops
 19268 | D:12     | Killed a cyclops
 19268 | D:12     | Reached skill level 10 in Dodging
 19268 | D:12     | Reached XP level 11. HP: 31/48 MP: 16/19
 19323 | D:12     | Noticed a deep elf mage
 19339 | D:12     | Killed a deep elf mage
 19920 | D:13     | Noticed a centaur warrior
 19962 | D:13     | Learned a level 2 spell: Blink
 19966 | D:13     | Learned a level 3 spell: Conjure Flame
 19972 | D:13     | Killed from afar by a meliai

Levels and vault maps discovered:
D:1:      dpeg_arrival_stone_temple_mockup, layout_loops_corners,
          chequers_serial_rivers_large_b
D:2:      layout_basic
D:3:      layout_rooms
D:4:      layout_basic
D:5:      layout_loops_ring, grunt_temple_overflow_open, first_ration,
          serial_shops, shop, ebering_ghost_gozag, lightli_corner_chamber,
          uniq_grinder
D:6:      layout_basic, nicolae_overflow_hidden_temple,
          gammafunk_ghost_gnarly_gnolls, uniq_duvessa
D:7:      layout_rooms, minmay_temple_entry_grid
D:8:      minmay_tri_box, layout_loops_ring, lemuel_crystal_altar,
          lemuel_coloured_pillars_altar, david_lair_generic, serial_shops, shop,
          nicolae_ossuary_entry_giza, minivault_27,
          nicolae_ru_sacrificial_ziggurat
D:9:      layout_loops_ring, lemuel_doored_altar, orc_0_dummy, grunt_ogre_cave
D:10:     minmay_the_grid_square_5x5_3x3 [minmay_the_grid_square_5x5_one_wall,
          minmay_the_grid_square_5x5_shrine1,
          minmay_the_grid_square_5x5_beaten_path,
          minmay_the_grid_square_5x5_checkered_sparse,
          minmay_the_grid_square_5x5_megaprize_checkered,
          minmay_the_grid_square_5x5_hourglass,
          minmay_the_grid_square_5x5_two_small,
          minmay_the_grid_square_5x5_almost_minimal,
          minmay_the_grid_square_5x5_moneybag], layout_rooms
D:11:     minmay_thinvault, layout_irregular_city, elyvilon_altar_5
D:12:     layout_loops_ring
D:13:     layout_loops_ring, erik_vaults_2, enter_bailey_2,
          gammafunk_ghost_spectres, nooodl_orcs_dogs
Temple:   oiseaux_autumnal_temple

Skill      XL: |  1  2  3  4  5  6  7  8  9 10 11 |
---------------+----------------------------------+-----
Spellcasting   | 3 4 5 |  5.0
Stealth        | 1 2 3 |  3.0
Unarmed Combat | 4 6 9 10 12 | 12.7
Transmutations | 3 4 6 |  6.1
Dodging        | 3 4 6 7 10 9 | 10.2
Poison Magic   | 1 2 |  2.5
Ice Magic      | 2 4 |  4.2
Fighting       | 2 3 4 6 |  6.0
Charms         | 1 4 |  4.0
Necromancy     | 1 3 |  3.4
Evocations     | 1 |  1.1
Invocations    | 3 2 |  3.4

Action                   |  1- 3 |  4- 6 |  7- 9 | 10-12 || total
-------------------------+-------+-------+-------+-------++-------
Melee: Unarmed           |   138 |   151 |   349 |   431 ||  1069
       Bite              |    20 |    19 |     9 |     5 ||    53
       Headbutt          |    15 |    24 |     9 |     1 ||    49
       Punch             |     1 |     3 |     2 |     7 ||    13
 Cast: Beastly Appendage |    26 |    30 |    17 |     2 ||    75
       Sticks to Snakes  |     1 |    13 |       |       ||    14
       Spider Form       |       |     1 |    31 |    27 ||    59
       Ice Form          |       |       |     8 |    13 ||    21
       Regeneration      |       |       |       |     3 ||     3
 Abil: End Transformatio |       |       |     6 |     1 ||     7
Evoke: Wand              |       |       |       |     8 ||     8
  Use: Scroll            |     6 |     3 |    10 |    10 ||    29
       Potion            |       |     2 |     5 |     5 ||    12
 Stab: Sleeping          |     5 |     2 |    14 |     6 ||    27
       Distracted        |       |       |     2 |       ||     2
       Fleeing           |       |       |     1 |       ||     1
  Eat: Chunk             |    15 |    11 |    25 |    24 ||    75
Armor: Skin              |     5 |     6 |    12 |    32 ||    55
Dodge: Dodged            |   108 |   103 |   286 |   400 ||   897
